 Dungeon Crawl Stone Soup version 0.29-a0-92-gee772dd00f (webtiles) character file.

Game seed: 2006351789168538324

47 dave1331 the Slasher (level 3, -3/31 HPs)
             Began as a Minotaur Gladiator on Feb 9, 2022.
             Slain by a goblin (5 damage)
             ... led by Robin
             ... on level 3 of the Dungeon.
             The game lasted 00:04:33 (551 turns).

dave1331 the Slasher (Minotaur Gladiator)            Turns: 551, Time: 00:04:33

Health: -3/31      AC:  3    Str: 20    XL:     3   Next: 48%
Magic:  2/2        EV: 12    Int:  5    God:
Gold:   13         SH:  0    Dex: 11    Spells: 2/2 levels left

rFire   . . .      SeeInvis .   a - +0 long sword
rCold   . . .      Faith    .   (no shield)
rNeg    . . .      Spirit   .   b - +0 leather armour
rPois   .          Reflect  .   c - +0 hat
rElec   .          Harm     .   (no cloak)
rCorr   .          Rampage  .   (no gloves)
Will    .....                   (no boots)
Stlth   +.........              (no amulet)
HPRegen 0.10/turn               (no ring)
MPRegen 0.08/turn               (no ring)

@: no status effects
A: horns 2, retaliatory headbutt
a: no special abilities


You were on level 3 of the Dungeon.
You visited 1 branch of the dungeon, and saw 3 of its levels.

You collected 13 gold pieces.

Inventory:

Hand Weapons
 a - a +0 long sword (weapon)
Missiles
 d - 3 throwing nets (quivered)
Armour
 b - a +0 leather armour (worn)
 c - a +0 hat (worn)


   Skills:
 + Level 3.2 Fighting
 + Level 4.1 Long Blades
 + Level 2.5 Throwing
 + Level 3.8 Dodging


You had 2 spell levels left.
You didn't know any spells.
Your spell library was empty.

Dungeon Overview and Level Annotations

Branches:
Dungeon (3/15)

Altars:

Annotations:
D:3 Robin


Innate Abilities, Weirdness & Mutations

You have a pair of horns on your head.
You reflexively headbutt those who attack you in melee.


Message History

Robin throws the goblin at you!
The hobgoblin shouts!
The goblin shouts!
You slash the goblin!
You kill the goblin!
You hear a shout!
A goblin comes into view. It is wielding a +0 dagger.
Robin roars a battlecry!
The goblins go into a battle-frenzy!
The goblin shouts!
A goblin comes into view. It is wielding a +0 club.
The goblin shouts!
Robin throws the goblin at you!
You slash the hobgoblin!
You kill the hobgoblin!
A goblin comes into view. It is wielding a +0 club.
The goblin hits you with a +0 club.
You slash the goblin!
You kill the goblin!
The goblin barely misses you.
You hit the goblin.
The goblin is heavily wounded.
Robin throws the goblin at you! The goblin closely misses you. x2
You hit the goblin.
You kill the goblin!
The goblin hits you but does no damage. The goblin closely misses you.
You hit the goblin.
You kill the goblin!
The goblin hits you with a +0 club. Robin throws the goblin at you!
The goblin misses you. The goblin hits you with a +0 club.
You closely miss the goblin. The goblin misses you.
The goblin hits you with a +0 club.
You completely miss the goblin. The goblin closely misses you.
The goblin hits you with a +0 club.
You closely miss the goblin. The goblin hits you with a +0 club.
* * * LOW HITPOINT WARNING * * *
The goblin hits you with a +0 club.
* * * LOW HITPOINT WARNING * * *
You barely miss the goblin. Your headbutt misses the goblin.
The goblin barely misses you. The goblin hits you with a +0 club.
You die...

###
############g....
.......)g@gggg...
####...#####g...
#........# .
#....###.#
......... #.#
######.##.#.# #.
.#.# #.## #.# #
#... #.#


You could see Robin, a hobgoblin (strong) and 5 goblins.

Vanquished Creatures
  2 adders (D:2)
  A dart slug (D:1)
  An endoplasm (D:2)
  A giant cockroach (D:2)
  7 goblins
  4 hobgoblins
  A quokka (D:2)
  A ball python (D:2)
  A bat (D:2)
  A frilled lizard (D:1)
  3 kobolds
  2 rats
25 creatures vanquished.

Notes
Turn   | Place    | Note
-------+----------+-------------------------------------------
     0 | D:1      | dave1331 the Minotaur Gladiator began the quest for the
                  | Orb.
     0 | D:1      | Reached XP level 1. HP: 18/18 MP: 0/0
   173 | D:2      | Reached XP level 2. HP: 25/25 MP: 1/1
   237 | D:2      | Reached skill level 4 in Long Blades
   237 | D:2      | Reached XP level 3. HP: 4/31 MP: 2/2
   329 | D:2      | Found a faded altar of an unknown god.
   540 | D:3      | Noticed Robin
   551 | D:3      | Slain by a goblin

Illustrated notes

Levels and vault maps discovered:
D:1:      psy_arrival_spokes, layout_basic, serial_glass, glass_columns_b,
          glass_columns_a, amethyst_killhole
D:2:      layout_loops_ring, hellmonk_ecumenical_altar_prayer_group,
          minmay_tetromino_o2
D:3:      layout_basic, serial_shops, nicolae_shop_crystal, uniq_sigmund,
          uniq_robin, uniq_terence, uniq_natasha

Skill      XL: |  1  2 |
---------------+-------+-----
Fighting       | 3 |  3.2
Long Blades    | 4 |  4.1
Throwing       | |  2.5
Dodging        | |  3.8

Action                   || total
-------------------------++-------
Melee: Long sword        ||    49
       Headbutt          ||     6
Armor: Leather armour    ||    11
Dodge: Dodged            ||    35

Table legend: (Time is in decaauts)
 A = Elapsed time spent in this place.
 B = Non-inter-level travel time spent in this place.
 C = Inter-level travel time spent in this place.
 D = Time resting spent in this place.
 E = Time spent auto-exploring this place.
 F = Levels seen in this place.
 G = Mean time per level.
                   A        B        C        D        E       F      G
               +--------+--------+--------+--------+--------+-----+--------+
         Total |    560 |    142 |    418 |      0 |      0 |   3 |  186.7 |
       Dungeon |    560 |    142 |    418 |      0 |      0 |   3 |  186.7 |
               +--------+--------+--------+--------+--------+-----+--------+

Top non-repeatable levels by time:
     D:2: 356 daAuts
     D:1: 170 daAuts
     D:3: 33 daAuts
